[Event "Titled Tuesday Blitz March 07 Late 2023"]
[White "Figorito, Nick"]
[Black "Sochacki, Christophe"]
[WhiteFideId "30923689"]
[BlackFideId "662569"]
[WhiteElo "2380"]
[BlackElo "2474"]
[Result "0-1"]
[Round "01"]
[TimeControl "180+2"]
[Date "2023.03.07"]
[WhiteClock "0:00:11"]
[BlackClock "0:00:01"]

1. Nf3 Nc6 2. e4 e5 3. Bc4 Nf6 4. d4 exd4 5. O-O Nxe4 6. Re1 d5 7. Bxd5 Qxd5 8. Nc3 Qa5 9. Nxe4 Be7 10. Bg5 f6 11. Bd2 Qd5 12. Bf4 Bg4 13. Bxc7 O-O 14. h3 Bh5 15. Ng3 Bxf3 16. Qxf3 Qxf3 17. gxf3 Rfe8 18. Nf5 Kf7 19. Bd6 Rad8 20. Bxe7 Nxe7 21. Nxe7 Rxe7 22. Rxe7+ Kxe7 23. Kf1 Rc8 24. Re1+ Kd6 25. Re2 Rc5 26. Kg2 Rg5+ 27. Kh2 Re5 28. Rd2 Kc5 29. Kg3 Rg5+ 30. Kf4 Rh5 31. Kg4 Rg5+ 32. Kf4 b5 33. a3 a5 34. Re2 Rh5 35. Kg4 Rg5+ 36. Kf4 Rg1 37. Re7 Rg2 38. Rc7+ Kd6 39. Rb7 Kc6 40. Rb8 Rxf2 41. Ke4 Rd2 42. Rc8+ Kd7 43. Rb8 Kc6 44. Rc8+ Kb7 45. Rg8 g6 46. Rg7+ Kc6 47. Rxh7 Rxc2 48. Rf7 f5+ 49. Kxd4 Rd2+ 50. Kc3 Rf2 51. Rf6+ Kd5 52. Rxg6 Rxf3+ 53. Kc2 Rxh3 54. a4 b4 55. Ra6 f4 56. Rxa5+ Ke4 57. Rb5 b3+ 58. Kd1 f3 59. Rb8 Ke3 60. Re8+ Kf2 61. Kd2 Rh4 62. Kc3 Rxa4 63. Kxb3 Rg4 64. Kc3 Kg3 65. Rf8 f2 66. Rxf2 Kxf2 67. b4 Ke3 68. b5 Rf4 69. Kb3 Kd4 70. Kb4 Kd5+ 71. Ka5 Kc5 72. Ka6 Rb4 73. Ka7 Rxb5 74. Ka8 Kc6 75. Ka7 Rb6 76. Ka8 Kc7 77. Ka7 Rd6 78. Ka8 Ra6# 0-1


[Site "https://www.chess.com"]

[Event "Titled Tuesday Blitz March 07 Late 2023"]
[White "Grinev, Valeriy"]
[Black "Suarez Uriel, Adrian"]
[WhiteFideId "14117517"]
[BlackFideId "22230874"]
[WhiteElo "2365"]
[BlackElo "2331"]
[Result "1-0"]
[Round "01"]
[TimeControl "180+2"]
[Date "2023.03.07"]
[WhiteClock "0:00:17"]
[BlackClock "0:00:02"]

1. d4 Nf6 2. c4 g6 3. Nc3 d5 4. cxd5 Nxd5 5. e4 Nxc3 6. bxc3 Bg7 7. Be3 c5 8. Nf3 Qa5 9. Qd2 O-O 10. Rc1 Rd8 11. d5 b6 12. Be2 Nc6 13. O-O e6 14. Bg5 f6 15. Be3 exd5 16. exd5 Ba6 17. Rfd1 Qa4 18. c4 Na5 19. Qc2 Qxc2 20. Rxc2 Nb7 21. Bf4 Nd6 22. Nd2 f5 23. g4 Bc8 24. h3 fxg4 25. hxg4 Ba6 26. Kg2 Rd7 27. Bxd6 Rxd6 28. Ne4 Rd7 29. Bf3 Rf8 30. d6 Bd4 31. g5 Kg7 32. Bg4 Rdf7 33. f3 Bb7 34. d7 Rd8 35. Rcd2 Rf4 36. Kg3 Be5 37. Kh3 Bxe4 38. fxe4 Rxe4 39. Rf1 Re3+ 40. Rf3 Rxf3+ 41. Bxf3 Bf4 42. Rd5 Kf7 43. Bg4 Ke7 44. Kh4 Rf8 45. Rd1 Kd8 46. Re1 Bd6 47. Kh3 Be7 48. Re5 Rf4 49. Be6 Rf2 50. Kg3 Rxa2 51. Re3 Rd2 52. Rf3 Re2 53. Bh3 Re5 54. Rf7 Rxg5+ 55. Kf3 h5 56. Rh7 Re5 57. Rh8+ Kc7 58. Rc8+ Kb7 59. Re8 Kc7 60. Kf4 Re1 61. Rc8+ Kb7 62. Bg2+ Ka6 63. Bc6 g5+ 64. Kf5 g4 65. Re8 Rf1+ 66. Kg6 Bh4 67. Kxh5 Bf6 68. Rf8 Rh1+ 69. Kxg4 Be7 70. Re8 Rg1+ 71. Kf5 Bh4 72. d8=Q Bxd8 73. Rxd8 Ka5 74. Ra8 Kb4 75. Bb5 Ra1 76. Ke4 a5 77. Kd3 a4 78. Kc2 Ra2+ 79. Kb1 Ra3 80. Ra6 Rb3+ 81. Kc2 a3 82. Rxb6 Rb2+ 83. Kc1 Rh2 84. Ra6 a2 85. Bd7 Kb3 86. Bg4 Rh1+ 87. Bd1+ Kc3 88. Rxa2 Kxc4 89. Rd2 Kb4 90. Kc2 c4 91. Be2 c3 92. Rd4+ Kc5 93. Rc4+ Kd5 94. Rxc3 Rh2 95. Kd2 Kd4 96. Ra3 Rg2 97. Ra4+ Kc5 98. Kd3 Rg3+ 99. Kd2 Rg2 100. Ke3 Rg3+ 101. Bf3 Kb5 102. Re4 Kc5 103. Kf4 Rg1 104. Be2 Rh1 105. Ke5 Rh4 106. Rxh4 1-0


[Site "https://www.chess.com"]

[Event "Titled Tuesday Blitz March 07 Late 2023"]
[White "Kaganskiy, Gleb"]
[Black "Papasimakopoulos, Alexandros"]
[WhiteFideId "4132025"]
[BlackFideId "4244125"]
[WhiteElo "2165"]
[BlackElo "2359"]
[Result "0-1"]
[Round "01"]
[TimeControl "180+2"]
[Date "2023.03.07"]
[WhiteClock "0:00:08"]
[BlackClock "0:01:44"]

1. e4 e6 2. d4 d5 3. Nd2 Nf6 4. e5 Nfd7 5. c3 c5 6. Bd3 Nc6 7. Ne2 cxd4 8. cxd4 f6 9. exf6 Nxf6 10. Nf3 Bd6 11. O-O Qc7 12. Bg5 O-O 13. Bh4 Nh5 14. Qc2 h6 15. Bh7+ Kh8 16. Bg6 Rxf3 17. gxf3 Bxh2+ 18. Kg2 Nf4+ 19. Nxf4 Qxf4 20. Bg3 Bxg3 21. fxg3 Qf6 22. Be8 Nxd4 23. Qd2 e5 24. Ba4 Bf5 25. Rae1 b5 26. Bd1 Rc8 27. Qe3 Re8 28. Qxd4 exd4 29. Rxe8+ Kh7 30. Rfe1 d3 31. g4 Bg6 32. R8e7 Qxb2+ 33. Kg3 Qc1 34. Rxa7 d2 35. Ree7 Qxd1 36. Rxg7+ Kh8 37. Rxg6 Qg1+ 38. Kh4 Qxa7 39. Rxh6+ Qh7 40. Rh5 d1=Q 41. Rxh7+ Kxh7 42. Kg5 Kg7 43. Kf4 Qd2+ 44. Kg3 Qxa2 45. Kh4 b4 46. g5 b3 47. g6 b2 48. f4 b1=Q 49. f5 Qxf5 50. Kg3 Qb3+ 51. Kh2 Qfc2+ 52. Kh1 Qbb1# 0-1


[Site "https://www.chess.com"]

[Event "Titled Tuesday Blitz March 07 Late 2023"]
[White "Preotu, Razvan"]
[Black "Rios Escobar, Adan"]
[WhiteFideId "2613280"]
[BlackFideId "3403645"]
[WhiteElo "2407"]
[BlackElo "2369"]
[Result "1-0"]
[Round "01"]
[TimeControl "180+2"]
[Date "2023.03.07"]
[WhiteClock "0:01:08"]
[BlackClock "0:00:12"]

1. e4 c5 2. Nf3 d6 3. d4 cxd4 4. Nxd4 Nf6 5. Nc3 a6 6. Be3 e5 7. Nb3 Be7 8. h3 Be6 9. Qf3 Nbd7 10. O-O-O Rc8 11. Nd5 Bxd5 12. exd5 b5 13. g4 h6 14. h4 h5 15. g5 Ng4 16. Bd2 e4 17. Qxe4 Nxf2 18. Qd4 Nxh1 19. Ba5 Rc7 20. Qxg7 Rf8 21. Nd4 Rxc2+ 22. Kxc2 Qxa5 23. Kb1 Nf2 24. Rc1 Ne5 25. Nc6 Qa4 26. Nxe7 Qe4+ 27. Ka1 Kxe7 28. Qf6+ Kd7 29. Qxf2 Ng4 30. Qa7+ Kd8 31. Qb8+ Ke7 32. Rc7# 1-0


[Site "https://www.chess.com"]

[Event "Titled Tuesday Blitz March 07 Late 2023"]
[White "Nunez V, Gustavo Eduardo"]
[Black "Zarubitski, Viachaslau"]
[WhiteFideId "4403690"]
[BlackFideId "13509373"]
[WhiteElo "2228"]
[BlackElo "2284"]
[Result "0-1"]
[Round "01"]
[TimeControl "180+2"]
[Date "2023.03.07"]
[WhiteClock "0:00:40"]
[BlackClock "0:00:25"]

1. e4 e5 2. Nc3 Nf6 3. g3 d5 4. exd5 Nxd5 5. Bg2 Nxc3 6. bxc3 Nc6 7. Ne2 Bc5 8. O-O O-O 9. Bb2 Bg4 10. d3 Qd7 11. Qd2 Rad8 12. a4 a5 13. Rfb1 Bh3 14. Ba3 Bxa3 15. Rxa3 Bxg2 16. Kxg2 b6 17. Rb5 Rfe8 18. c4 Nd4 19. Nxd4 exd4 20. Qf4 Re2 21. Rd5 Qc6 22. Qf3 Rxd5 23. cxd5 Qxc2 24. Ra1 g6 25. Rc1 Rxf2+ 26. Qxf2 Qxc1 27. Qxd4 Qc5 28. Qe4 Kf8 29. h4 h5 30. Qe5 Qd6 31. Qxd6+ cxd6 32. Kf3 Ke7 33. Ke4 Kf6 34. Kd4 Kf5 35. Kc4 Kg4 36. Kb5 Kxg3 37. Kxb6 g5 38. Kxa5 gxh4 39. Kb6 h3 40. a5 h2 41. a6 h1=Q 42. Kc6 h4 43. a7 Qa1 44. Kb7 h3 45. a8=Q Qxa8+ 46. Kxa8 h2 47. Kb7 h1=Q 48. Kc6 Qd1 49. Kxd6 Qxd3 50. Ke5 f5 51. d6 f4 52. d7 f3 53. d8=Q Qxd8 54. Kf5 f2 55. Ke4 f1=Q 56. Ke3 Qd6 57. Ke4 Qff4# 0-1


[Site "https://www.chess.com"]

[Event "Titled Tuesday Blitz March 07 Late 2023"]
[White "Diaz Perez, Michel Alejandro"]
[Black "Rian, Kapriaga"]
[WhiteFideId "3517179"]
[BlackFideId "7103263"]
[WhiteElo "2333"]
[BlackElo "2365"]
[Result "1-0"]
[Round "01"]
[TimeControl "180+2"]
[Date "2023.03.07"]
[WhiteClock "0:00:47"]
[BlackClock "0:00:02"]

1. d4 Nf6 2. c4 e6 3. Nf3 d5 4. a3 Be7 5. Nc3 O-O 6. Bf4 a6 7. e3 Nbd7 8. c5 Nh5 9. Bg3 f5 10. Bd3 c6 11. Nd2 Nxg3 12. hxg3 g6 13. f4 h5 14. Nf3 Bf6 15. Nh4 Qe8 16. O-O Kg7 17. b4 Qe7 18. Nf3 Rh8 19. Kf2 b5 20. a4 Bb7 21. axb5 axb5 22. Qb3 h4 23. gxh4 Bxh4+ 24. Ke2 Nf6 25. Rxa8 Bxa8 26. Ra1 Ng4 27. Qa3 g5 28. Qa7 Bb7 29. Qb6 gxf4 30. exf4 Ra8 31. Rxa8 Bxa8 32. Qb8 Bb7 33. Nd1 Bf6 34. Ne3 Nxe3 35. Kxe3 Qd7 36. Nd2 Qc8 37. Qa7 Qa8 38. Qxa8 Bxa8 39. Nb3 Kf7 40. Be2 Ke7 41. Bh5 1-0


[Site "https://www.chess.com"]

[Event "Titled Tuesday Blitz March 07 Late 2023"]
[White "Benaddi, Mouhcine"]
[Black "Almeida Quintana, Omar"]
[WhiteFideId "9001050"]
[BlackFideId "3503313"]
[WhiteElo "2036"]
[BlackElo "2530"]
[Result "0-1"]
[Round "01"]
[TimeControl "180+2"]
[Date "2023.03.07"]
[WhiteClock "0:00:04"]
[BlackClock "0:01:05"]

1. Nf3 g6 2. g3 Bg7 3. Bg2 c5 4. O-O Nc6 5. c3 e5 6. d3 d6 7. e4 Nge7 8. Be3 O-O 9. Qc1 b5 10. Bh6 f6 11. Bxg7 Kxg7 12. a4 b4 13. Nbd2 Ba6 14. Nc4 Rb8 15. Bh3 h6 16. Nh4 f5 17. exf5 gxf5 18. f4 e4 19. Qd1 d5 20. Ne5 Qd6 21. Nxc6 Qxc6 22. c4 exd3 23. Qxd3 Bxc4 24. Qe3 Rbe8 25. Rfe1 Qd6 26. Rad1 Kh7 27. Nxf5 Nxf5 28. Bxf5+ Kg7 29. Qxe8 Rxe8 30. Rxe8 Qf6 31. Re5 d4 32. Rde1 d3 33. Re7+ Bf7 34. Bxd3 Qxb2 35. R1e3 c4 36. Bf5 Qd4 37. Kf2 b3 38. Kf3 Kf6 39. Bb1 c3 40. R7e4 Bd5 0-1


[Site "https://www.chess.com"]

[Event "Titled Tuesday Blitz March 07 Late 2023"]
[White "Hjartarson, Johann"]
[Black "Yano, William Jorge Froes"]
[WhiteFideId "2300044"]
[BlackFideId "2112949"]
[WhiteElo "2416"]
[BlackElo "2122"]
[Result "0-1"]
[Round "01"]
[TimeControl "180+2"]
[Date "2023.03.07"]
[WhiteClock "0:01:38"]
[BlackClock "0:02:13"]

1. e4 e6 2. d4 d5 3. e5 c5 4. c3 Nc6 5. Nf3 Nh6 6. Bd3 f6 7. O-O Nf7 8. exf6 Qxf6 9. Re1 Bd6 10. Na3 O-O 11. Nb5 Bb8 12. dxc5 e5 13. Bc2 e4 14. Nfd4 Nfe5 15. Be3 Bg4 16. Qc1 Qh4 17. Nd6 Nxd4 18. cxd4 Nf3+ 19. gxf3 Bxf3 0-1


[Site "https://www.chess.com"]

[Event "Titled Tuesday Blitz March 07 Late 2023"]
[White "Kujawski, Adam"]
[Black "Hernandez Gonzalez, William"]
[WhiteFideId "1100920"]
[BlackFideId "3509915"]
[WhiteElo "2054"]
[BlackElo "2374"]
[Result "0-1"]
[Round "01"]
[TimeControl "180+2"]
[Date "2023.03.07"]
[WhiteClock "0:00:03"]
[BlackClock "0:00:38"]

1. e4 c5 2. Nf3 Nc6 3. Nc3 e5 4. Bc4 d6 5. d3 Be7 6. h3 Nf6 7. a4 Be6 8. Nd5 O-O 9. c3 h6 10. Nd2 Nh7 11. Nf1 Bg5 12. Nfe3 Ne7 13. Nxe7+ Qxe7 14. Nd5 Bxd5 15. Bxd5 Bxc1 16. Qxc1 Rab8 17. O-O Nf6 18. Bc4 Nh5 19. g3 Kh8 20. Qd1 g6 21. Kh2 Ng7 22. f4 exf4 23. gxf4 f5 24. Qf3 fxe4 25. dxe4 Rf6 26. Rae1 Rbf8 27. Qg4 Rxf4 28. Rxf4 Qe5 29. Rf1 g5 30. Kg2 gxf4 31. Kf3 Nh5 32. Qg6 Qg5 33. Qxg5 hxg5 34. Kg4 Nf6+ 35. Kxg5 Nxe4+ 36. Kg6 Nd2 0-1


[Site "https://www.chess.com"]

[Event "Titled Tuesday Blitz March 07 Late 2023"]
[White "Riff, Vincent"]
[Black "Goldgewicht, Lionel"]
[WhiteFideId "617776"]
[BlackFideId "604313"]
[WhiteElo "2369"]
[BlackElo "2349"]
[Result "0-1"]
[Round "01"]
[TimeControl "180+2"]
[Date "2023.03.07"]
[WhiteClock "0:00:30"]
[BlackClock "0:00:29"]

1. e4 c5 2. Nc3 d6 3. Nf3 a6 4. g3 Nc6 5. Bg2 g6 6. d4 cxd4 7. Nxd4 Bg7 8. Be3 Nf6 9. h3 O-O 10. O-O Bd7 11. Nb3 Rc8 12. a4 Ne5 13. Nd2 b5 14. axb5 axb5 15. f4 Nc4 16. Nxc4 bxc4 17. Ra7 Bc6 18. Bd4 Ra8 19. Qa1 Qb8 20. e5 Bxg2 21. exf6 Bxf6 22. Kxg2 Bxd4 23. Rxa8 Qxa8+ 24. Qxa8 Rxa8 25. Nd5 e6 26. Rd1 Bc5 27. Nf6+ Kg7 28. Ne4 Ra2 29. Rb1 Bb4 30. c3 d5 31. cxb4 dxe4 32. Kf1 Ra4 33. Ke2 Rxb4 34. Ke3 c3 35. b3 c2 36. Rc1 Rxb3+ 37. Kxe4 Rxg3 38. Rxc2 Rxh3 39. Rc7 Ra3 40. Rb7 h5 41. Rb8 Kf6 42. Rh8 Ra4+ 43. Ke3 Kf5 44. Rf8 f6 45. Rb8 Ra3+ 46. Kf2 Kxf4 47. Rb4+ Kf5 48. Kg2 e5 49. Kh2 g5 50. Rb2 h4 51. Rf2+ Kg6 52. Rf3 Rxf3 0-1


[Site "https://www.chess.com"]

[Event "Titled Tuesday Blitz March 07 Late 2023"]
[White "Seletsky, Grigory"]
[Black "Ozer, Omer Faruk"]
[WhiteFideId "14112191"]
[BlackFideId "6354564"]
[WhiteElo "2490"]
[BlackElo "2260"]
[Result "0-1"]
[Round "01"]
[TimeControl "180+2"]
[Date "2023.03.07"]
[WhiteClock "0:00:01"]
[BlackClock "0:01:08"]

1. d4 Nf6 2. Nf3 g6 3. Bg5 Bg7 4. c3 O-O 5. Nbd2 d5 6. e3 b6 7. h3 Bb7 8. Be2 Nbd7 9. O-O c5 10. a4 a6 11. b4 Ne4 12. Nxe4 dxe4 13. Nd2 h6 14. Bh4 g5 15. Bg3 cxd4 16. cxd4 e5 17. Nb3 f5 18. dxe5 f4 19. Bh2 Nxe5 20. Qxd8 Raxd8 21. Rfd1 Nd3 22. Rab1 Rd5 23. Bxd3 exd3 24. e4 Rd7 25. f3 Rc8 26. Kf1 Rc2 27. Bg1 Bc6 28. a5 bxa5 29. Nc5 Rd8 30. bxa5 Bb5 31. Rxb5 axb5 32. a6 Ra2 33. Ne6 Rd6 34. Nxg7 Kxg7 35. a7 Rd7 36. Rb1 d2 37. Rd1 b4 38. Ke2 b3 39. e5 b2 40. e6 Re7 41. Bd4+ Kg6 42. Bxb2 Rxe6+ 43. Kd3 Rxa7 44. Rxd2 Rd7+ 45. Kc2 Rxd2+ 46. Kxd2 Kf5 47. Bg7 h5 48. Bc3 g4 49. hxg4+ hxg4 50. Bd4 Ra6 51. Ke2 Ra2+ 52. Kf1 gxf3 53. gxf3 Kg5 0-1


[Site "https://www.chess.com"]

[Event "Titled Tuesday Blitz March 07 Late 2023"]
[White "Tatarinov, Dmitry"]
[Black "Vifleemskaia, Svetlana"]
[WhiteFideId "24160067"]
[BlackFideId "4129490"]
[WhiteElo "2326"]
[BlackElo "1930"]
[Result "1-0"]
[Round "01"]
[TimeControl "180+2"]
[Date "2023.03.07"]
[WhiteClock "0:00:05"]
[BlackClock "0:00:01"]

1. d4 Nf6 2. Nf3 d5 3. c4 dxc4 4. g3 b5 5. a4 b4 6. Bg2 a5 7. Ne5 Ra7 8. Nxc4 e6 9. O-O Be7 10. Qc2 O-O 11. Rd1 Nbd7 12. Nbd2 Bb7 13. Bxb7 Rxb7 14. Nxa5 Rb6 15. Ndc4 Ra6 16. e4 Qa8 17. e5 Nd5 18. Nb3 Rxa4 19. Bd2 Rxa1 20. Rxa1 Qb7 21. Nca5 Qb5 22. Qc4 Qxc4 23. Nxc4 Rb8 24. Ra7 Bf8 25. Kf1 f6 26. Ke2 Kf7 27. f4 Be7 28. Ne3 N7b6 29. Nxd5 Nxd5 30. Kd3 f5 31. Na5 Rb6 32. b3 h6 33. Nc4 Rb8 34. Ne3 Nxe3 35. Bxe3 Bd8 36. Kc4 Ke8 37. d5 exd5+ 38. Kxd5 Kd7 39. e6+ Ke8 40. Bc5 Rb5 41. Kc6 Rb8 42. h3 g5 43. Be3 g4 44. hxg4 fxg4 45. f5 h5 46. Bd4 h4 47. f6 h3 48. f7+ 1-0


[Site "https://www.chess.com"]

[Event "Titled Tuesday Blitz March 07 Late 2023"]
[White "Fernandez Siles, Luis"]
[Black "Martinez Ramirez, Lennis"]
[WhiteFideId "2209420"]
[BlackFideId "3509079"]
[WhiteElo "2186"]
[BlackElo "2439"]
[Result "0-1"]
[Round "01"]
[TimeControl "180+2"]
[Date "2023.03.07"]
[WhiteClock "0:00:01"]
[BlackClock "0:00:34"]

1. d4 d5 2. c4 dxc4 3. Nf3 Nf6 4. e3 e6 5. Bxc4 c5 6. O-O a6 7. a4 Nc6 8. Qe2 Qc7 9. Nc3 Bd6 10. h3 O-O 11. b3 e5 12. dxc5 Bxc5 13. Ng5 Bf5 14. Bd3 Bxd3 15. Qxd3 Rad8 16. Qf5 Ne7 17. Qb1 Bb4 18. Nce4 Nxe4 19. Qxe4 Ng6 20. Qxb4 h6 21. Nf3 Rfe8 22. Bb2 e4 23. Nd4 Qe5 24. Rac1 Qg5 25. Rc5 Re5 26. Rxe5 Nxe5 27. Rc1 Nd3 28. Qxb7 Nxb2 29. Nc6 Re8 30. Qxa6 Nd3 31. Rc4 Qf6 32. f4 exf3 33. Rd4 fxg2 34. Qxd3 Qxc6 35. Rd8 Rxd8 36. Qxd8+ Kh7 37. Qd3+ g6 38. e4 f5 39. exf5 Qc5+ 40. Kxg2 gxf5 41. Qd7+ Kg6 42. Qd3 Kg5 43. Qg3+ Kf6 44. Qf3 Qc2+ 45. Kg3 Qc7+ 46. Qf4 Qc3+ 47. Qf3 Qe1+ 48. Kg2 Qd2+ 49. Kf1 Qc1+ 50. Ke2 Qc2+ 51. Ke3 Qxb3+ 52. Kf2 Qxa4 53. Qc3+ Kg5 54. Qg3+ Kh5 55. Qf3+ Kg6 56. Qg3+ Kf7 57. Qc7+ Ke6 58. Qc8+ Qd7 59. Qg8+ Qf7 60. Qc8+ Kf6 61. Qd8+ Kg6 0-1


[Site "https://www.chess.com"]

[Event "Titled Tuesday Blitz March 07 Late 2023"]
[White "Rastbod, Ali"]
[Black "Lacasa Diaz, Jose Antonio"]
[WhiteFideId "12567477"]
[BlackFideId "2203375"]
[WhiteElo "2211"]
[BlackElo "2338"]
[Result "1-0"]
[Round "01"]
[TimeControl "180+2"]
[Date "2023.03.07"]
[WhiteClock "0:00:40"]
[BlackClock "0:00:05"]

1. e4 c5 2. Nc3 g6 3. g3 Bg7 4. Bg2 Nc6 5. d3 d6 6. Be3 Rb8 7. Qd2 b5 8. Nge2 Nd4 9. Nc1 b4 10. Nd1 e6 11. O-O h5 12. h3 Ne7 13. c3 Ndc6 14. d4 bxc3 15. bxc3 cxd4 16. cxd4 d5 17. e5 Nf5 18. Nb3 Ba6 19. Re1 O-O 20. Nc5 Bc4 21. Nb2 Nxe3 22. Rxe3 Ne7 23. Qc3 Nf5 24. Ree1 Qe7 25. Nxc4 dxc4 26. Qxc4 Rfd8 27. Rad1 Rbc8 28. Qa4 Nxd4 29. Nb7 Ne2+ 30. Rxe2 Rxd1+ 31. Qxd1 Qa3 32. Rc2 Rb8 33. Qd6 Qa4 1-0


[Site "https://www.chess.com"]

[Event "Titled Tuesday Blitz March 07 Late 2023"]
[White "Bogaudinov, Rushan"]
[Black "Zhu, Jiner"]
[WhiteFideId "4129288"]
[BlackFideId "8608059"]
[WhiteElo "1949"]
[BlackElo "2384"]
[Result "1-0"]
[Round "01"]
[TimeControl "180+2"]
[Date "2023.03.07"]
[WhiteClock "0:00:13"]
[BlackClock "0:00:05"]

1. d4 Nf6 2. Nf3 g6 3. g3 Bg7 4. Bg2 O-O 5. O-O d5 6. b3 c6 7. Bb2 a5 8. a3 Ne4 9. Nbd2 Bf5 10. c4 Nd7 11. Nxe4 Bxe4 12. e3 a4 13. cxd5 cxd5 14. bxa4 Nb6 15. Bc3 Nxa4 16. Bb4 Nb2 17. Qb3 Nc4 18. Rfc1 Qb6 19. Qd1 Rfe8 20. Nd2 Bxg2 21. Kxg2 Qa6 22. Nxc4 dxc4 23. a4 e6 24. a5 Rec8 25. Bc3 h5 26. h4 Qc6+ 27. Qf3 Qd7 28. Rab1 Rc6 29. Rb2 Rac8 30. Rcb1 R8c7 31. Rb5 Bf8 32. g4 hxg4 33. Qxg4 Kh7 34. h5 Bg7 35. Rh1 Kg8 36. hxg6 f5 37. Qh5 Rd6 38. Qh7+ Kf8 39. Bb4 Qc6+ 40. f3 Rd7 41. Bxd6+ Qxd6 42. Rhb1 Qc6 43. Qh2 c3 44. Qb8+ Ke7 45. Rxb7 c2 46. Rxd7+ Kxd7 47. Rb7+ 1-0


[Site "https://www.chess.com"]

[Event "Titled Tuesday Blitz March 07 Late 2023"]
[White "Gascon Del Nogal, Jose Rafael"]
[Black "Rostomyan, Mikayel"]
[WhiteFideId "3902463"]
[BlackFideId "13313754"]
[WhiteElo "2473"]
[BlackElo "2009"]
[Result "1/2-1/2"]
[Round "01"]
[TimeControl "180+2"]
[Date "2023.03.07"]
[WhiteClock "0:00:06"]
[BlackClock "0:00:10"]

1. Nf3 Nf6 2. c4 c5 3. d4 cxd4 4. Nxd4 Nc6 5. Nc3 g6 6. e4 Bg7 7. Be2 O-O 8. Be3 b6 9. O-O Bb7 10. f3 a6 11. Qd2 d6 12. Nc2 Qc7 13. Rac1 Rfd8 14. Nd5 Nxd5 15. cxd5 Ne5 16. Nb4 Qd7 17. h3 a5 18. Nd3 Nxd3 19. Bxd3 b5 20. Qe2 Ba6 21. Rc6 Rdc8 22. Rxa6 Rxa6 23. Bxb5 Rc2 24. Qxc2 Qxb5 25. Qc8+ Bf8 26. Bh6 Qc5+ 27. Qxc5 dxc5 28. Bxf8 Kxf8 29. Rc1 Rb6 30. Rxc5 Rxb2 31. Rxa5 Kg7 32. Ra7 Kf6 33. f4 Rb4 34. e5+ Kf5 35. Rxe7 Kxf4 36. Rxf7+ Kxe5 37. Rxh7 Ra4 38. Rg7 Kf6 39. Rb7 Rxa2 40. Rb5 Rd2 41. Kh2 Kf5 42. h4 Kg4 43. Rb4+ Kh5 44. Kh3 Rxd5 45. Rb8 Kh6 46. Kg4 Rd4+ 47. Kh3 Rd3+ 48. g3 Rc3 49. Kg4 Rc4+ 50. Kh3 Rc3 51. Rd8 Rb3 52. Rd5 Rc3 53. Rg5 Rd3 54. Ra5 Rc3 55. Ra6 Rb3 56. Kg2 Rb2+ 57. Kf3 Rb3+ 58. Kg4 Rb4+ 59. Kf3 Rb3+ 60. Kf4 Rb4+ 61. Ke5 Rb5+ 62. Kf4 Rb4+ 63. Kf3 Rb3+ 1/2-1/2


[Site "https://www.chess.com"]

[Event "Titled Tuesday Blitz March 07 Late 2023"]
[White "Quinones Garcia, Santiago"]
[Black "Cuenca Jimenez, Jose Fernando"]
[WhiteFideId "4408497"]
[BlackFideId "2255570"]
[WhiteElo "2263"]
[BlackElo "2429"]
[Result "0-1"]
[Round "01"]
[TimeControl "180+2"]
[Date "2023.03.07"]
[WhiteClock "0:00:01"]
[BlackClock "0:00:17"]

1. d4 Nf6 2. c4 g6 3. Nc3 Bg7 4. e4 d6 5. h3 O-O 6. Nf3 e5 7. d5 Nh5 8. g3 f5 9. exf5 gxf5 10. Nh4 Nf4 11. Be3 Na6 12. Qc2 Ng6 13. Nxg6 hxg6 14. h4 e4 15. O-O-O Nc5 16. h5 g5 17. h6 Bf6 18. Rh5 Kh8 19. Qd2 Rg8 20. Be2 Bd7 21. Rdh1 Be8 22. R5h2 Bg6 23. Kb1 a5 24. Ka1 a4 25. h7 Rg7 26. Rh6 Qe7 27. Bh5 Bxh5 28. R1xh5 Nd3 29. Ne2 a3 30. Rxf6 axb2+ 31. Kb1 Qxf6 32. Bd4 Ne5 33. g4 Qg6 34. Ng3 Rf8 35. Rh1 fxg4 36. Qe3 Nxc4 0-1


[Site "https://www.chess.com"]

[Event "Titled Tuesday Blitz March 07 Late 2023"]
[White "Bujisho, Benjamin"]
[Black "Uzcategui Rodriguez, Alejandro"]
[WhiteFideId "608610"]
[BlackFideId "3903400"]
[WhiteElo "2371"]
[BlackElo "2249"]
[Result "1-0"]
[Round "01"]
[TimeControl "180+2"]
[Date "2023.03.07"]
[WhiteClock "0:01:10"]
[BlackClock "0:00:47"]

1. d4 Nf6 2. c4 e6 3. Nc3 Bb4 4. f3 O-O 5. e4 d5 6. e5 Ne8 7. a3 Bxc3+ 8. bxc3 c5 9. Be3 cxd4 10. cxd4 Nc6 11. Rc1 Nc7 12. c5 f6 13. exf6 Qxf6 14. f4 Bd7 15. Nf3 Rae8 16. Bd3 Ne7 17. O-O Bb5 18. Ne5 Bxd3 19. Qxd3 Qf5 20. Rb1 Qxd3 21. Nxd3 Rb8 22. Ne5 Nc6 23. Nd7 Rfd8 24. Nxb8 Rxb8 25. f5 e5 26. dxe5 d4 27. Bf4 Nd5 28. e6 Rc8 29. Rxb7 d3 30. Rd7 Nce7 31. Bg5 1-0


[Site "https://www.chess.com"]

[Event "Titled Tuesday Blitz March 07 Late 2023"]
[White "Kovacs, Klara"]
[Black "Skvortsov, Andrei"]
[WhiteFideId "733210"]
[BlackFideId "24108600"]
[WhiteElo "2179"]
[BlackElo "2259"]
[Result "0-1"]
[Round "01"]
[TimeControl "180+2"]
[Date "2023.03.07"]
[WhiteClock "0:00:05"]
[BlackClock "0:01:29"]

1. d4 d5 2. Nf3 Nf6 3. g3 Bf5 4. Bg2 h6 5. c4 c6 6. O-O e6 7. Nc3 Be7 8. b3 O-O 9. Bf4 Re8 10. Rc1 Na6 11. Re1 Ba3 12. Nh4 Bxc1 13. Qxc1 Bh7 14. Bxh6 gxh6 15. Qxh6 Nd7 16. e4 Qf6 17. Qh5 dxc4 18. e5 Bg6 19. Qg4 Qg7 20. Be4 Bxe4 21. Qxe4 cxb3 22. axb3 f5 23. exf6 Nxf6 24. Qe5 Rad8 25. Rd1 c5 26. Ne2 Rd5 27. Qf4 Qg5 28. Qf3 Red8 29. Re1 e5 30. dxe5 Qxe5 31. Rf1 Rd1 32. Ng2 Rxf1+ 33. Kxf1 Rd1+ 34. Ne1 Qa1 0-1


[Site "https://www.chess.com"]

[Event "Titled Tuesday Blitz March 07 Late 2023"]
[White "Ashraf, Artin"]
[Black "Sarkar, Justin"]
[WhiteFideId "22514805"]
[BlackFideId "2010011"]
[WhiteElo "2188"]
[BlackElo "2189"]
[Result "1-0"]
[Round "01"]
[TimeControl "180+2"]
[Date "2023.03.07"]
[WhiteClock "0:02:06"]
[BlackClock "0:00:49"]

1. e4 e5 2. Nf3 Nc6 3. Bb5 a6 4. Ba4 Nf6 5. O-O Nxe4 6. d4 b5 7. Bb3 d5 8. dxe5 Be6 9. c3 Bc5 10. Nbd2 O-O 11. Bc2 f5 12. Nb3 Bb6 13. Nbd4 Nxd4 14. cxd4 c5 15. dxc5 Bxc5 16. Nd4 Qb6 17. Be3 f4 18. Nxe6 fxe3 19. Bxe4 exf2+ 20. Kh1 dxe4 21. Qd5 1-0


[Site "https://www.chess.com"]

[Event "Titled Tuesday Blitz March 07 Late 2023"]
[White "Balague Camps, Marc"]
[Black "Haydon, David L"]
[WhiteFideId "2297914"]
[BlackFideId "415405"]
[WhiteElo "2089"]
[BlackElo "2326"]
[Result "0-1"]
[Round "01"]
[TimeControl "180+2"]
[Date "2023.03.07"]
[WhiteClock "0:00:23"]
[BlackClock "0:00:24"]

1. d4 c6 2. c4 d5 3. cxd5 cxd5 4. Bf4 Nc6 5. e3 Nf6 6. Nc3 e6 7. Nf3 Be7 8. Bd3 O-O 9. O-O a6 10. Rc1 Bd7 11. Ne5 Be8 12. Na4 Nxe5 13. Bxe5 Nd7 14. Bg3 Rc8 15. Qb3 b5 16. Rxc8 Qxc8 17. Nc3 Nb6 18. a4 b4 19. a5 Nc4 20. Ne4 Nxa5 21. Qa2 dxe4 22. Bxe4 Bb5 23. Qxa5 Bxf1 24. Kxf1 Qc4+ 25. Ke1 Qc1+ 26. Ke2 Qxb2+ 27. Kf3 Qb3 28. Be5 Qd1+ 29. Kg3 Qh5 30. h3 Bd6 31. f4 Bxe5 32. dxe5 Qe2 33. Qxb4 Qxe3+ 34. Kg4 a5 35. Qb1 g6 36. Bf3 Qf2 37. h4 h5+ 38. Kh3 Qe3 39. Kg3 Rd8 40. Qa1 Rd4 41. Qxa5 Qxf4+ 42. Kf2 Qxh4+ 43. Ke3 Qf4+ 44. Ke2 Kg7 45. Qc5 Qd2+ 46. Kf1 Rd3 47. Kg1 Qe3+ 48. Qxe3 Rxe3 49. Kf2 Rxe5 50. Kg3 Rf5 51. Kh4 Rxf3 52. gxf3 Kf6 53. f4 e5 54. fxe5+ Kxe5 55. Kg5 Ke4 56. Kf6 Kf4 0-1


[Site "https://www.chess.com"]